 Dungeon Crawl Stone Soup version 0.19-a0-1905-ge8b2aad (webtiles) character file.

13014 Psiweapon the Basher (level 12, -7/99 (100) HPs)
             Began as a Hill Orc Fighter on Oct 21, 2016.
             Was a Priest of Makhleb.
             Killed from afar by an ice dragon (28 damage)
             ... with a blast of cold
             ... on level 13 of the Dungeon.
             The game lasted 00:48:34 (13612 turns).

Psiweapon the Basher (Hill Orc Fighter)            Turns: 13612, Time: 00:48:35

HP:   -7/99 (100)   AC: 17    Str: 28    XL:     12   Next: 1%
MP:   17/17         EV: 10    Int:  8    God:    Makhleb [***...]
Gold: 873           SH: 12    Dex: 13    Spells: 0 memorised, 11 levels left

rFire  + . .     SeeInvis .     l - +8 long sword "Istreh" {chaos, Dex+5 Stlth-}
rCold  . . .     Gourm    .     G - +4 scale mail {rF+}
rNeg   . . .     Faith    .     c - +0 shield
rPois  .         Spirit   .     p - +2 helmet
rElec  .         Reflect  .     (no cloak)
rCorr  .         Harm     .     S - +1 pair of gloves
MR     +....     Rnd*Rage +     (no boots)
Stlth  ..........               B - amulet of Twilight {RegenMP MR+}
                                (no ring)
                                K - +4 ring of strength

@: no status effects
A: camouflage 1, berserk 1, clumsy 1
a: Minor Destruction, Lesser Servant of Makhleb, Renounce Religion


You were on level 13 of the Dungeon.
You worshipped Makhleb.
Makhleb was most pleased with you.
You were not hungry.

You visited 4 branches of the dungeon, and saw 17 of its levels.

You collected 873 gold pieces.

Inventory:

Hand Weapons
 a - a +3 whip of electrocution
 d - a +4 flail of freezing
 g - a +1 war axe
 l - the +8 long sword "Istreh" (weapon) {chaos, Dex+5 Stlth-}
   (You found it on level 14 of the Dungeon)

   Each time it hits an enemy it has a different, random effect.
   It affects your dexterity (+5).
   It makes you less stealthy.
 A - a +1 whip of holy wrath
 I - a +2 flail of protection
 V - a +0 blowgun
Missiles
 z - 10 javelins
 O - 2 poisoned tomahawks (quivered)
 P - 2 throwing nets
Armour
 c - a +0 shield (worn)
 m - a +0 troll leather armour
 p - a +2 helmet (worn)
 G - a +4 scale mail of fire resistance (worn)
 S - a +1 pair of gloves (worn)
 T - a +0 plate armour
 U - a +0 chain mail
Magical Staves
 C - an uncursed staff of poison {unknown}
Jewellery
 n - an uncursed ring of wizardry
 B - the amulet of Twilight (around neck) {RegenMP MR+}
   (You found it on level 13 of the Dungeon)

   [amulet of magic regeneration]

   It increases your magic regeneration.
   It affects your resistance to hostile enchantments.
 K - a +4 ring of strength (left hand)
Wands
 b - a wand of iceblast (8/15)
 h - a wand of random effects (24/48)
 q - a wand of acid (0/15)
 v - a wand of slowing (48/48)
 D - a wand of lightning (7/15)
 E - a wand of teleportation (1/9)
 F - a wand of acid (2/15)
 J - a wand of lightning (6/15)
 L - a wand of polymorph (1/24)
 M - a wand of confusion (7/48)
 R - a wand of confusion (28/48)
Scrolls
 e - a scroll of amnesia
 i - 7 scrolls of remove curse
 k - 2 scrolls of blinking
 o - 6 scrolls of enchant armour
 u - 2 scrolls of teleportation
 H - a scroll of magic mapping
 Q - a scroll of fog
 Z - a scroll of immolation
Potions
 j - 6 potions of lignification
 r - a potion of might
 t - 5 potions of curing
 N - a potion of flight
Comestibles
 f - 9 bread rations
 s - 2 beef jerkies
 x - 2 meat rations
 X - 2 fruits
 Y - 10 royal jellies


   Skills:
 - Level 7.3 Fighting
 - Level 6.8(12.8) Axes
 + Level 14.2(14.6) Maces & Flails
 - Level 1.4 Throwing
 - Level 6.6 Armour
 - Level 3.2 Dodging
 - Level 1.3 Stealth
 - Level 7.5 Shields
 - Level 7.3 Invocations


You had 11 spell levels left.
You didn't know any spells.

Dungeon Overview and Level Annotations

Branches:
Dungeon (14/15)            Temple (1/1) D:5            Lair (1/6) D:9
    Orc (1/2) D:9
 Vaults: D:13-14

Altars:
Ashenzari
Cheibriados
Dithmenos
Elyvilon
Fedhas
Gozag
Hepliaklqana
Kikubaaqudgha
Makhleb
Nemelex Xobeh
Okawaru
Qazlal
Ru
Sif Muna
Trog
Uskayaw
Vehumet
Xom
Yredelemnul
Zin
The Shining One

Shops:
D:4 :


Innate Abilities, Weirdness & Mutations

Your skin changes colour to match your surroundings (Stealth+).
You tend to lose your temper in combat.
You are clumsy. (Dex -2)


Message History

Aim: an ice dragon (severely wounded, poisoned, catching its breath)
The bolt of acid misses the ice dragon.
Evoking this partially-identified wand wasted a few charges.
Your hellwing barely misses the ice dragon.
Your hellwing hits the ice dragon.
The ice dragon closely misses your hellwing.
The ice dragon claws your hellwing.
The ice dragon barely misses your hellwing.
Evoke which item? (* to show all) (? for menu, Esc to quit)
Zapping:
F - a wand of acid (will waste charges)
Press: ? - help, Shift-Dir - straight line, f - ice dragon
Aim: an ice dragon (severely wounded, poisoned)
The bolt of acid hits the ice dragon.
The ice dragon is splashed with acid.
The ice dragon is almost dead.
Evoking this partially-identified wand wasted a few charges.
Your hellwing barely misses the ice dragon.
Your hellwing closely misses the ice dragon.
The ice dragon breathes frost at you. The blast of cold hits you!
You die...

#*#<.##.....#
*,,,,,*#......#
###.###.....#
*,,..,*#......#
[...# #.....#
*,,..,*********
.#### #######
**,..** .#####
*,,.## .....####
***..*
§###....#######
*4#* .#
####.......###D#
## #######.##@##
#.###÷##
#.####)#
#......#
########


You could see an ice dragon and a friendly hellwing.

Vanquished Creatures
  Nergalle (D:10)
  A hill giant (D:11)
  Pikel (D:5)
  An ugly thing (D:12)
  Joseph (D:10)
  Maurice (D:13)
  Psyche (D:7)
  2 centaur skeletons (D:12)
  3 polar bears (D:13)
  2 trolls
  A hornet (D:8)
  5 hippogriffs
  A wyvern (D:11)
  10 yaks
  A hungry ghost (D:11)
  2 hell hounds (D:8)
  A soldier ant (D:11)
  A warg (Orc:1)
  3 orc warriors
  An ice beast (D:10)
  4 phantoms
  3 necrophages (D:9)
  A centaur (D:6)
  9 ogres
  4 big kobolds
  7 bullfrogs
  A wyvern zombie (D:12)
  2 wyvern skeletons
  5 scorpions
  5 killer bees (D:7)
  5 wights
  3 howler monkeys (D:9)
  5 crimson imps
  A centaur zombie (D:5)
  5 jellies
  2 bullfrog zombies
  2 hounds (D:8)
  6 orc wizards
  2 bullfrog skeletons
  3 orc priests
  4 iguanas
  Jessica (D:3)
  8 worker ants
  A hound zombie (D:7)
  2 hound skeletons
  A worker ant zombie (D:6)
  Robin (D:2)
  7 gnolls
  7 adders
  A shadow imp (D:9)
  7 oozes
  An adder skeleton (D:4)
  A worm (D:3)
  2 dart slugs (D:1)
  9 leopard geckos
  30 orcs
  3 ball pythons
  7 bats
  8 giant cockroaches
  9 hobgoblins
  11 jackals
  2 quokkas
  4 frilled lizards
  11 goblins
  A jackal skeleton (D:4)
  32 kobolds
  A leopard gecko zombie (D:5)
  4 rats
  3 plants (D:9)
294 creatures vanquished.

Vanquished Creatures (collateral kills)
  Urug (D:12)
  A troll (D:11)
  A howler monkey (D:11)
3 creatures vanquished.

Vanquished Creatures (others)
  An orc wizard (D:5)
  A kobold (D:9)
2 creatures vanquished.

Grand Total: 299 creatures vanquished

Notes
Turn   | Place    | Note
-------+----------+-------------------------------------------
     0 | D:1      | Psiweapon the Hill Orc Fighter began the quest for the Orb.
     0 | D:1      | Reached XP level 1. HP: 19/19 MP: 1/1
    37 | D:1      | Reached XP level 2. HP: 24/27 MP: 2/2
   399 | D:2      | Reached XP level 3. HP: 29/33 MP: 3/3
   609 | D:1      | Reached XP level 4. HP: 38/41 MP: 4/4
  1164 | D:4      | Found a shadowy altar of Dithmenos.
  1297 | D:2      | Noticed Robin
  1310 | D:2      | Killed Robin
  1310 | D:2      | Reached XP level 5. HP: 34/47 MP: 5/5
  1714 | D:3      | Found a sacrificial altar of Ru.
  1781 | D:3      | Noticed Jessica
  1795 | D:3      | Killed Jessica
  1795 | D:3      | Reached skill level 5 in Axes
  1838 | D:3      | Reached XP level 6. HP: 17/53 MP: 6/6
  2718 | D:4      | Found Aceczoto's Book Shop.
  3088 | D:4      | Reached skill level 5 in Fighting
  3285 | D:5      | Entered Level 5 of the Dungeon
  3285 | D:5      | Found a basalt altar of Yredelemnul.
  3287 | D:5      | Found a staircase to the Ecumenical Temple.
  3296 | Temple   | Entered the Ecumenical Temple
  3363 | Temple   | Became a worshipper of Makhleb the Destroyer
  3457 | D:4      | Found a glowing golden altar of the Shining One.
  3461 | D:4      | Found a radiant altar of Vehumet.
  3465 | D:4      | Found a shimmering altar of Xom.
  3602 | D:4      | Found an ancient bone altar of Kikubaaqudgha.
  3676 | D:5      | Reached skill level 1 in Dodging
  3676 | D:5      | Reached XP level 7. HP: 56/61 MP: 7/7
  3818 | D:6      | Reached skill level 1 in Invocations
  3931 | D:5      | Reached skill level 1 in Maces & Flails
  4007 | D:5      | Found a shattered altar of Ashenzari.
  4105 | D:7      | Reached skill level 2 in Maces & Flails
  4110 | D:7      | Noticed a hippogriff
  4131 | D:6      | Killed a hippogriff
  4131 | D:6      | Reached XP level 8. HP: 22/69 MP: 9/9
  4364 | D:7      | Reached skill level 3 in Maces & Flails
  4471 | D:6      | Reached skill level 5 in Armour
  4520 | D:6      | Gained mutation: Your muscles are strong. (Str +2) [potion of mutation]
  4520 | D:6      | Gained mutation: Your body sometimes deteriorates upon taking damage. [potion of mutation]
  4520 | D:6      | Gained mutation: Armour fits poorly on your strangely shaped body. [potion of mutation]
  4521 | D:6      | Gained mutation: You are frail. (-10% HP) [potion of mutation]
  4521 | D:6      | Gained mutation: You have large cloven feet. [potion of mutation]
  4521 | D:6      | Gained mutation: You are very frail. (-20% HP) [potion of mutation]
  4783 | D:6      | Reached skill level 4 in Maces & Flails
  4972 | D:6      | Reached skill level 5 in Shields
  5133 | D:6      | Lost mutation: Your muscles are strong. (Str +2) [potion of cure mutation]
  5133 | D:6      | Lost mutation: Your body sometimes deteriorates upon taking damage. [potion of cure mutation]
  5326 | D:5      | Noticed Pikel
  5354 | D:5      | HP: 2/56 [Pikel/whip of electrocution (19)]
  5358 | D:5      | Killed Pikel
  5358 | D:5      | Reached * piety under Makhleb
  5358 | D:5      | Reached skill level 5 in Maces & Flails
  5358 | D:5      | Reached skill level 1 in Throwing
  5358 | D:5      | Reached skill level 1 in Stealth
  5358 | D:5      | Reached XP level 9. HP: 34/60 MP: 12/12
  5518 | D:5      | Reached skill level 5 in Invocations
  5754 | D:6      | Found a glowing silver altar of Zin.
  6736 | D:7      | Lost mutation: You are very frail. (-20% HP) [potion of cure mutation]
  6736 | D:7      | Lost mutation: You are frail. (-10% HP) [potion of cure mutation]
  6736 | D:7      | Lost mutation: Armour fits poorly on your strangely shaped body. [potion of cure mutation]
  6736 | D:7      | Lost mutation: You have large cloven feet. [potion of cure mutation]
  6970 | D:8      | Noticed Psyche
  7072 | D:10     | Entered Level 10 of the Dungeon
  7078 | D:10     | Got an encrusted long sword
  7099 | D:7      | Identified the cursed +3 long sword of Punishment {pain, rPois} (You found it on level 10 of the Dungeon)
  7285 | D:8      | Noticed a hornet
  7303 | D:8      | Paralysed by a hornet for 1 turns
  7309 | D:8      | Killed a hornet
  7528 | D:8      | Reached skill level 6 in Maces & Flails
  7939 | D:8      | Found a deep blue altar of Sif Muna.
  8138 | D:8      | Found a sparkling altar of Nemelex Xobeh.
  8289 | D:9      | Found a staircase to the Lair.
  8322 | D:8      | Reached XP level 10. HP: 31/84 MP: 14/14
  8590 | D:9      | Reached skill level 7 in Maces & Flails
  8628 | Lair:1   | Entered Level 1 of the Lair of Beasts
  8919 | D:7      | Reached ** piety under Makhleb
  9263 | D:7      | Found a shattered altar of Ashenzari.
  9368 | D:7      | Found a basalt altar of Yredelemnul.
  9370 | D:7      | Found a stormy altar of Qazlal.
  9644 | D:7      | Killed Psyche
  9644 | D:7      | Reached skill level 8 in Maces & Flails
 10001 | D:10     | Noticed Joseph
 10016 | D:10     | Killed Joseph
 10016 | D:10     | Reached skill level 9 in Maces & Flails
 10340 | D:9      | Reached *** piety under Makhleb
 10565 | D:9      | Reached skill level 10 in Maces & Flails
 10777 | D:9      | Found a staircase to the Orcish Mines.
 10782 | D:9      | Reached XP level 11. HP: 91/91 MP: 16/16
 10790 | Orc:1    | Entered Level 1 of the Orcish Mines
 11155 | D:10     | Reached skill level 11 in Maces & Flails
 11411 | D:10     | Found a shattered altar of Ashenzari.
 11417 | D:10     | Noticed Nergalle
 11431 | D:10     | Noticed a spectral orc warlord
 11444 | D:10     | Killed Nergalle
 11913 | D:12     | Reached skill level 12 in Maces & Flails
 12018 | D:11     | Noticed a hill giant
 12028 | D:11     | Killed a hill giant
 12050 | D:11     | Gained mutation: You are clumsy. (Dex -2) [potion of mutation]
 12050 | D:11     | Gained mutation: You tend to lose your temper in combat. [potion of mutation]
 12050 | D:11     | Gained mutation: Your skin changes colour to match your surroundings (Stealth+). [potion of mutation]
 12694 | D:13     | Got a warped iron amulet
 12695 | D:13     | Identified the amulet of Twilight {RegenMP MR+} (You found it on level 13 of the Dungeon)
 12697 | D:13     | Noticed a cyan ugly thing
 12721 | D:12     | Killed a cyan ugly thing
 12721 | D:12     | Reached skill level 13 in Maces & Flails
 13032 | D:12     | Noticed Urug
 13047 | D:12     | Killed Urug
 13203 | D:14     | Got an ebony long sword
 13204 | D:14     | Identified the +8 long sword "Istreh" {chaos, Dex+5 Stlth-} (You found it on level 14 of the Dungeon)
 13254 | D:13     | Noticed Maurice
 13284 | D:13     | Noticed an ice dragon
 13305 | D:13     | Killed Maurice
 13310 | D:13     | Reached skill level 14 in Maces & Flails
 13604 | D:13     | Reached XP level 12. HP: 94/99 MP: 17/17
 13612 | D:13     | Killed from afar by an ice dragon

Vault maps used:
D:1:      dpeg_arrival_houses_and_road
D:2:      uniq_robin
D:3:      nicolae_ru_awakened_eye, first_bread, roderic_three_in_a_row,
          serial_bayou_pond_d, corexii_corridor_pit,
          hangedman_decor_clover_reticule, uniq_jessica
D:4:      kennysheep_little_box, minmay_overflow_temple_star_quad, serial_shops,
          nicolae_shop_waterfront, nicolae_dithmenos_the_darkroom
D:5:      evilmike_ruin_ashenzari, st_stairs_4, yredelemnul_altar_generic,
          uniq_pikel
D:6:      zin_academy
D:7:      kennysheep_six_static_rooms, nicolae_overflow_hidden_temple,
          basic_altar
D:8:      lemuel_coloured_pillars_altar, led_sif_pool, minmay_misc_feat_square,
          uniq_psyche
D:9:      kennysheep_kobold_camp, minmay_lair_entry_lava, orc_0_dummy,
          hangedman_little_slice_of_home
D:10:     lemuel_flame_loot_2, basic_altar, uniq_sonja, uniq_joseph,
          uniq_nergalle
D:12:     uniq_urug
D:13:     portal_ice_cave_entry_animals_and_master, uniq_maurice
D:14:     hangedman_cross_cluster, minmay_misc_feat_plants, uniq_louise
Temple:   cyrus_temple_forest
Lair:1:   grunt_megastairs_3, serial_bayou_shore_b
Orc:1:    basic_altar, uniq_erica

Skill      XL: |  1  2  3  4  5  6  7  8  9 10 11 |
---------------+----------------------------------+-----
Axes           | 3 4 5 6 |  6.8
Fighting       | 4 5 6 7 |  7.3
Armour         | 4 5 6 |  6.6
Shields        | 4 5 6 7 |  7.5
Dodging        | 1 2 3 |  3.2
Invocations    | 2 4 6 7 |  7.3
Maces & Flails | 2 5 6 10 14 | 14.2
Throwing       | 1 |  1.4
Stealth        | 1 |  1.3

Action                   |  1- 3 |  4- 6 |  7- 9 | 10-12 || total
-------------------------+-------+-------+-------+-------++-------
Melee: War axe           |   100 |   168 |       |    17 ||   285
       Flail             |       |    21 |   265 |    20 ||   306
       Whip              |       |       |   145 |   496 ||   641
       Kick              |       |       |    31 |       ||    31
       Long sword        |       |       |       |    58 ||    58
Throw: Tomahawk          |       |       |    12 |    10 ||    22
Invok: Minor Destruction |       |       |       |    17 ||    17
       Lesser Servant of |       |       |       |     5 ||     5
Evoke: Wand              |       |       |     1 |    11 ||    12
  Use: Potion            |     1 |     1 |    17 |     3 ||    22
       Scroll            |       |     3 |    10 |     5 ||    18
 Stab: Invisible         |       |       |     2 |       ||     2
       Distracted        |       |       |       |     1 ||     1
  Eat: Chunk             |       |     9 |    14 |    16 ||    39
       Beef jerky        |       |       |     1 |       ||     1
       Pizza             |       |       |       |     1 ||     1
Armor: Scale mail        |    44 |    99 |   140 |   123 ||   406
       Skin              |       |       |    13 |       ||    13
       Chain mail        |       |       |       |    72 ||    72
Dodge: Dodged            |    24 |    68 |   117 |   152 ||   361
Block: Shield            |    49 |   113 |   216 |   272 ||   650
       Rpst.: Long sword |       |       |       |     5 ||     5
